 Dungeon Crawl Stone Soup version 0.26-a0-660-gc07710193c (webtiles) character file.

Game seed: 11064849138915295581

25 Decritt the Gusty (level 3, 0/19 HPs)
             Began as a Tengu Air Elementalist on Oct 6, 2020.
             Killed from afar by an orc wizard (7 damage)
             ... with a magic dart
             ... on level 2 of the Dungeon.
             The game lasted 00:04:01 (912 turns).

Decritt the Gusty (Tengu Air Elementalist)           Turns: 912, Time: 00:04:02

Health: 0/19       AC:  3    Str:  8    XL:     3   Next: 6%
Magic:  3/7        EV: 12    Int: 16    God:
Gold:   22         SH:  0    Dex: 14    Spells: 3/6 levels left

rFire    . . .     SeeInvis .   f - +0 club
rCold    . . .     Faith    .   (no shield)
rNeg     . . .     Spirit   .   c - +0 leather armour
rPois    .         Reflect  .   (helmet restricted)
rElec    .         Harm     .   (no cloak)
rCorr    .         Rampage  .   (no gloves)
MR       .....                  (boots unavailable)
Stlth    ++........             (no amulet)
HPRegen  0.06/turn              (no ring)
MPRegen  0.10/turn              (no ring)

@: sluggish, very slow
A: beak, talons 3
a: no special abilities


You were on level 2 of the Dungeon.
You visited 1 branch of the dungeon, and saw 2 of its levels.

You collected 22 gold pieces.

Inventory:

Hand Weapons
 f - a +0 club (weapon)
Armour
 a - a +0 robe
 c - a +0 leather armour (worn)
Scrolls
 b - a scroll of immolation {unknown}
 d - a scroll of identify {unknown}
 i - a scroll of fog {unknown}
Potions
 e - 3 potions of curing {unknown}
 g - a potion of heal wounds {unknown}
 h - a potion of magic {unknown}


   Skills:
 - Level 2.1 Dodging
 - Level 2.0 Stealth
 - Level 2.0 Spellcasting
 * Level 2.9 Conjurations
 * Level 4.8 Air Magic


You had 3 spell levels left.
You knew the following spells:

 Your Spells              Type           Power        Failure   Level
a - Shock                 Conj/Air       ##..         6%          1
b - Swiftness             Air            ###.....     6%          2

Your spell library contained the following spells:

 Spells                   Type           Power        Failure   Level
 Static Discharge         Conj/Air       ##......     19%         3
 Airstrike                Air            ###.......   38%         4
 Lightning Bolt           Conj/Air       ##........   86%         5


Dungeon Overview and Level Annotations

Branches:
Dungeon (1/15)

Altars:


Innate Abilities, Weirdness & Mutations

You have a beak for a mouth.
You have claws for feet.


Message History

An orc comes into view.
The orc wizard casts a spell at you. The magic dart hits you.
The orc wizard gestures wildly while chanting.
The orc wizard blinks!
The orc wizard points at you and mumbles some strange words.
The puff of flame hits you.
* * * LOW HITPOINT WARNING * * *
Casting: Shock (safe; 6% risk of failure)
Confirm with . or Enter, or press ? or * to list all spells.
You feel quick. The orc hits you with a +0 dagger.
* * * LOW HITPOINT WARNING * * *
You start to feel a little slower.
The orc wizard gestures wildly while chanting.
The orc wizard seems to speed up.
You feel sluggish.
The orc wizard gestures at you while chanting.
The magic dart hits you!
You die...

+.#....#.##.#.##.†..........
##...........................
###.................[..........
###............#..#.##.#....#..#.
..................#.##.#.........
.............................#.#.
....##..####...#.)#.##.....#.# #
....##..####.(.#.....#.......#.
#...............@..............#
#...##.#.......................#
#...##.#.###...##........###.#.#
......oo...o.#.#########.# ...#
o#.###.###.#.### #.# .#.# .#.#
#.# #.#.# #.. .# o### #.# ###.#
..## ..# #.# #.# .. o#####.# #.#


You could see an orc wizard (fast).

Vanquished Creatures
  An ooze (D:1)
  3 dart slugs
  A leopard gecko (D:1)
  A ball python (D:1)
  A bat (D:2)
  A hobgoblin (D:1)
  3 kobolds
  6 rats
17 creatures vanquished.

Notes
Turn   | Place    | Note
-------+----------+-------------------------------------------
     0 | D:1      | Decritt the Tengu Air Elementalist began the quest for the
                  | Orb.
     0 | D:1      | Reached XP level 1. HP: 10/10 MP: 4/4
   330 | D:1      | Reached XP level 2. HP: 15/15 MP: 0/6
   619 | D:1      | You fall into a shaft and drop 1 floor!
   773 | D:2      | Learned a level 2 spell: Swiftness
   843 | D:2      | Reached XP level 3. HP: 17/19 MP: 3/7
   912 | D:2      | Killed from afar by an orc wizard

Illustrated notes

Levels and vault maps discovered:
D:1:      ncdulo_lavacross, layout_basic, grunt_decor_arrowhead,
          minmay_pentomino_q4
D:2:      layout_basic, grunt_ministairs_15, minmay_divided_ellipse

Skill      XL: |  1 |
---------------+----+-----
Conjurations   | 2 |  2.9
Dodging        | |  2.1
Stealth        | |  2.0
Spellcasting   | |  2.0
Air Magic      | |  4.8

Action                   || total
-------------------------++-------
Melee: Unarmed           ||     3
       Club              ||     1
       Kick              ||     1
 Cast: Shock             ||    47
       Swiftness         ||     2
Armor: Leather armour    ||     3
Dodge: Dodged            ||     6

Table legend: (Time is in decaauts)
 A = Elapsed time spent in this place.
 B = Non-inter-level travel time spent in this place.
 C = Inter-level travel time spent in this place.
 D = Time resting spent in this place.
 E = Time spent auto-exploring this place.
 F = Levels seen in this place.
 G = Mean time per level.
                   A        B        C        D        E       F      G
               +--------+--------+--------+--------+--------+-----+--------+
         Total |    907 |    907 |      0 |    227 |    417 |   2 |  453.5 |
       Dungeon |    907 |    907 |      0 |    227 |    417 |   2 |  453.5 |
               +--------+--------+--------+--------+--------+-----+--------+

Top non-repeatable levels by time:
     D:1: 618 daAuts
     D:2: 289 daAuts
